 Dungeon Crawl Stone Soup version 0.28.0-53-g5a82cb258f (webtiles) character file.

Game seed: 11449343369250486803

255 Kranky the Thrower (level 6, -1/53 HPs)
             Began as a Gnoll Wanderer on June 17, 2022.
             Slain by a mummy (12 damage)
             ... in an ossuary.
             The game lasted 00:06:41 (2734 turns).

Kranky the Thrower (Gnoll Wanderer)                 Turns: 2734, Time: 00:06:41

Health: -1/53      AC:  8    Str: 14    XL:     6   Next: 15%
Magic:  8/8        EV: 10    Int: 12    God:
Gold:   71         SH:  0    Dex:  8    Spells: 8/8 levels left

rFire   + . .      SeeInvis .   o - +0 whip (elec)
rCold   + . .      Faith    .   (no shield)
rNeg    . . .      Spirit   .   u - +2 ring mail {rF+}
rPois   +          Reflect  .   (no helmet)
rElec   .          Harm     .   (no cloak)
rCorr   .          Rampage  .   j - +0 pair of gloves
Will    .....                   (no boots)
Stlth   +.........              r - amulet of magic regeneration
HPRegen 0.17/turn               s - ring "Nenod" {rPois rC+ Int+3 Dex-5}
MPRegen 0.51/turn               (no ring)

@: no status effects
A: fangs 1, strong nose, distributed training
a: no special abilities


You were in an ossuary.
You visited 1 branch of the dungeon, and saw 4 of its levels.
You also visited: Ossuary.

You collected 116 gold pieces.
You spent 45 gold pieces at shops.

Inventory:

Hand Weapons
 a - a +2 dagger
 g - a +1 whip of venom
 o - a +0 whip of electrocution (weapon)
Missiles
 b - 4 curare-tipped darts (quivered)
 n - 7 poisoned darts
 A - 6 javelins
Armour
 j - a +0 pair of gloves (worn)
 u - a +2 ring mail of fire resistance (worn)
Jewellery
 r - an amulet of magic regeneration (around neck)
 s - the ring "Nenod" (left hand) {rPois rC+ Int+3 Dex-5}
   (You found it on level 2 of the Dungeon)

   [ring of protection from cold]

   Int:       It affects your intelligence (+3).
   Dex:       It affects your dexterity (-5).
   rC:        It protects you from cold.
   rPois:     It protects you from poison.
Scrolls
 d - a scroll of fog
 h - 2 scrolls of enchant armour {unknown}
 i - a scroll of summoning {unknown}
 p - a scroll of amnesia {unknown}
 x - a scroll of immolation {unknown}
 y - a scroll of teleportation {unknown}
 z - 2 scrolls of noise {unknown}
Potions
 c - a potion of ambrosia {unknown}
 e - a potion of resistance {unknown}
 f - 4 potions of curing {unknown}
 k - 2 potions of attraction {unknown}
 l - a potion of brilliance {unknown}
 m - 2 potions of degeneration {unknown}
 t - a potion of cancellation {unknown}
 v - a potion of mutation {unknown}
 w - a potion of might {unknown}


   Skills:
 + Level 6.8 Fighting
 + Level 3.1 Short Blades
 + Level 1.8 Long Blades
 + Level 1.8 Axes
 + Level 1.8 Maces & Flails
 + Level 1.8 Polearms
 + Level 1.8 Staves
 + Level 1.8 Slings
 + Level 1.8 Bows
 + Level 1.8 Crossbows
 + Level 10.6 Throwing
 + Level 1.8 Armour
 + Level 1.8 Dodging
 + Level 3.0 Stealth
 + Level 1.8 Shields
 + Level 1.8 Unarmed Combat
 + Level 1.8 Spellcasting
 + Level 1.4 Conjurations
 + Level 1.4 Hexes
 + Level 1.4 Summonings
 + Level 1.4 Necromancy
 + Level 1.4 Translocations
 + Level 1.4 Transmutations
 + Level 1.4 Fire Magic
 + Level 1.4 Ice Magic
 + Level 1.4 Air Magic
 + Level 1.4 Earth Magic
 + Level 1.4 Poison Magic
 + Level 2.0 Invocations
 + Level 1.8 Evocations


You had 8 spell levels left.
You didn't know any spells.
Your spell library was empty.

Dungeon Overview and Level Annotations

Branches:
Dungeon (4/15)             Temple (0/1) D:4         Ossuary (1/1)

Altars:

Shops:
D:1 ?*


Innate Abilities, Weirdness & Mutations

You have very sharp teeth.
Your uncanny sense of smell can sniff out nearby items.
Your experience applies equally to all skills.


Message History

2 mummies come into view.
You hit the mummy.
The mummy is lightly damaged.
You hit the mummy but do no damage.
The mummy is lightly damaged.
The mummy hits you.
You barely miss the mummy.
The mummy is lightly damaged.
The mummy hits you but does no damage.
You hit the mummy. Lightning courses through the mummy!
The mummy is almost destroyed.
You barely miss the mummy.
The mummy is almost destroyed.
The mummy hits you!
You barely miss the mummy. You bite the mummy, but do no damage.
The mummy is almost destroyed.
You hit the mummy.
You destroy the mummy!
The mummy hits you!
You are too injured to fight recklessly!
You are too injured to fight recklessly!
You are too injured to fight recklessly!
You are too injured to fight recklessly!
You are too injured to fight recklessly!
You hit the mummy but do no damage. You punch the mummy.
Your bite misses the mummy.
The mummy is lightly damaged.
You hit the mummy but do no damage.
The mummy is lightly damaged.
The mummy hits you!
* * * LOW HITPOINT WARNING * * *
You hit the mummy but do no damage.
The mummy is lightly damaged.
The mummy hits you but does no damage.
You hit the mummy but do no damage. Your punch misses the mummy.
The mummy is lightly damaged.
You hit the mummy. Your bite misses the mummy.
The mummy is moderately damaged.
The mummy hits you!
You die...

## ##.. ##... ####
... #..... ##..##
....
#.....##....##....
#.................
#......@M........
##..............#
#+##........##
##......##
##....## #....#
∆∆∆ #....# ∆ ∆∆
#....# ∆∆ #....# ∆


You could see a mummy.

Vanquished Creatures
  A scorpion (D:4)
  Jessica (D:2)
  An orc wizard (D:3)
  5 mummies (Ossuary)
  2 adders (D:3)
  2 dart slugs
  5 orcs (D:3)
  3 ball pythons
  4 endoplasms
  2 giant cockroaches (D:1)
  A gnoll zombie (Ossuary)
  6 hobgoblins
  2 quokkas (D:1)
  7 bats
  4 frilled lizards
  3 goblins (D:1)
  A hobgoblin zombie (Ossuary)
  6 kobolds
  4 kobold zombies (Ossuary)
  2 orc zombies (Ossuary)
  7 rats
69 creatures vanquished.

Notes
Turn   | Place    | Note
-------+----------+-------------------------------------------
     0 | D:1      | Reached skill level 10 in Throwing
     0 | D:1      | Kranky the Gnoll Wanderer began the quest for the Orb.
     0 | D:1      | Kranky set off with the following items: a +2 dagger, 4
                  | curare-tipped darts, a +0 short sword, a scroll of fog, a
                  | +0 leather armour
     0 | D:1      | Reached XP level 1. HP: 23/23 MP: 1/1
    31 | D:1      | Found Deuq Kudgh's Assorted Antiques.
    69 | D:1      | You fall into a shaft and drop 1 floor!
    70 | D:2      | Noticed Jessica
   289 | D:1      | Reached XP level 2. HP: 29/29 MP: 2/2
   592 | D:1      | Found a faded altar of an unknown god.
   838 | D:1      | Reached XP level 3. HP: 35/35 MP: 3/3
   964 | D:1      | Found Xevusuru's Magic Scroll Boutique.
   981 | D:1      | Bought a scroll of magic mapping for 45 gold pieces
  1084 | D:2      | Identified the ring "Nenod" {rPois rC+ Int+3 Dex-5}
  1142 | D:2      | Reached skill level 1 in Invocations
  1276 | D:2      | Killed Jessica
  1277 | D:2      | Reached skill level 1 in Long Blades
  1277 | D:2      | Reached skill level 1 in Axes
  1277 | D:2      | Reached skill level 1 in Maces & Flails
  1277 | D:2      | Reached skill level 1 in Polearms
  1277 | D:2      | Reached skill level 1 in Staves
  1277 | D:2      | Reached skill level 1 in Slings
  1277 | D:2      | Reached skill level 1 in Bows
  1277 | D:2      | Reached skill level 1 in Crossbows
  1277 | D:2      | Reached skill level 1 in Armour
  1277 | D:2      | Reached skill level 1 in Dodging
  1277 | D:2      | Reached skill level 1 in Shields
  1277 | D:2      | Reached skill level 1 in Unarmed Combat
  1277 | D:2      | Reached skill level 1 in Spellcasting
  1277 | D:2      | Reached skill level 1 in Evocations
  1277 | D:2      | Reached XP level 4. HP: 24/41 MP: 5/5
  1919 | D:3      | Reached skill level 1 in Conjurations
  1919 | D:3      | Reached skill level 1 in Hexes
  1919 | D:3      | Reached skill level 1 in Summonings
  1919 | D:3      | Reached skill level 1 in Necromancy
  1919 | D:3      | Reached skill level 1 in Translocations
  1919 | D:3      | Reached skill level 1 in Transmutations
  1919 | D:3      | Reached skill level 1 in Fire Magic
  1919 | D:3      | Reached skill level 1 in Ice Magic
  1919 | D:3      | Reached skill level 1 in Air Magic
  1919 | D:3      | Reached skill level 1 in Earth Magic
  1919 | D:3      | Reached skill level 1 in Poison Magic
  2036 | D:3      | Reached XP level 5. HP: 39/47 MP: 6/6
  2309 | D:3      | Noticed a steam dragon
  2642 | D:4      | Found a sand-covered staircase.
  2649 | Ossuary  | Entered an ossuary
  2708 | Ossuary  | Reached XP level 6. HP: 44/53 MP: 8/8
  2734 | Ossuary  | Slain by a mummy

Illustrated notes

Levels and vault maps discovered:
D:1:      wander_arrival_chamber, layout_rooms,
          hellmonk_ecumenical_altar_crossroads, serial_shops,
          nicolae_shop_trees, nicolae_shop_behind_doors, minmay_box_of_dots
D:2:      layout_loops_ring, dk_vineyard_1, minmay_pentomino_o2, uniq_jessica
D:3:      layout_loops_cross, lightli_corner_chamber
D:4:      layout_loops_ring, lemuel_coloured_pillars_altar,
          minmay_temple_entry_mini_moons, chequers_ossuary_entry_cave,
          nicolae_shop_firing_range
Ossuary:  ossuary_tomb_3

Skill      XL: |  1  2  3  4  5  6 |
---------------+-------------------+-----
Throwing       | | 10.6
Invocations    | 1 2 |  2.0
Long Blades    | 1 |  1.8
Axes           | 1 |  1.8
Maces & Flails | 1 |  1.8
Polearms       | 1 |  1.8
Staves         | 1 |  1.8
Slings         | 1 |  1.8
Bows           | 1 |  1.8
Crossbows      | 1 |  1.8
Armour         | 1 |  1.8
Dodging        | 1 |  1.8
Shields        | 1 |  1.8
Unarmed Combat | 1 |  1.8
Spellcasting   | 1 |  1.8
Evocations     | 1 |  1.8
Conjurations   | 1 |  1.4
Hexes          | 1 |  1.4
Summonings     | 1 |  1.4
Necromancy     | 1 |  1.4
Translocations | 1 |  1.4
Transmutations | 1 |  1.4
Fire Magic     | 1 |  1.4
Ice Magic      | 1 |  1.4
Air Magic      | 1 |  1.4
Earth Magic    | 1 |  1.4
Poison Magic   | 1 |  1.4
Short Blades   | 3 |  3.1
Stealth        | 3 |  3.0
Fighting       | |  6.8

Action                   |  1- 3 |  4- 6 || total
-------------------------+-------+-------++-------
Melee: Whip              |    82 |   127 ||   209
       Dagger            |     3 |       ||     3
       Bite              |     3 |    10 ||    13
       Punch             |     2 |     3 ||     5
  Use: Scroll            |       |     1 ||     1
 Stab: Sleeping          |     3 |       ||     3
Armor: Leather armour    |    16 |       ||    16
       Scale mail        |    21 |    11 ||    32
       Ring mail         |       |    54 ||    54
Dodge: Dodged            |    39 |    61 ||   100
